 Dungeon Crawl Stone Soup version 0.30-a0-800-g7c544603b3 (webtiles) character file.

Game seed: 8310395202014041151

18650 javelincjr the Fighter (level 12, 0/91 HPs)
             Began as a Djinni Hedge Wizard on Feb 22, 2023.
             Was a High Priest of Makhleb.
             Slain by an ironbound preserver
             ... wielding a +0 great mace
              (12 damage)
             ... while petrified by a basilisk
             ... on level 14 of the Dungeon.
             The game lasted 02:10:46 (16675 turns).

javelincjr the Fighter (Djinni Hedge Wizard)       Turns: 16675, Time: 02:10:47

Health: 0/91       AC: 11    Str: 11    XL:     12   Next: 97%
Gold:   614        EV:  2    Int: 25    God:    Makhleb [*****.] SH:  0 Dex: 13

rFire   + + +      SeeInvis +    Y - +6 falchion "Omizyush" {heavy, +Blink rPois rF+}
rCold   + . .      Faith    +    p - +0 kite shield
rNeg    + + +      Spirit   .    K - +2 leather armour {rC+}
rPois   ∞          Reflect  .    r - +1 hat {SInv}
rElec   .          Harm     .    I - +1 cloak
rCorr   .          Rampage  .    G - +1 pair of gloves
Will    +....                    (boots unavailable)
Stlth   +++                      a - amulet of faith
HPRegen 0.35/turn                W - +6 ring of intelligence
MPRegen 0.00/turn                N - ring of protection from cold

@: petrified, flying
A: sickness immunity, fire resistance 2, cold vulnerability 1, float, innate
caster, HP casting, extra vitality 1
a: Renounce Religion, Evoke Blink, Minor Destruction, Lesser Servant of Makhleb,
Major Destruction, Greater Servant of Makhleb


You were on level 14 of the Dungeon.
You worshipped Makhleb.
Makhleb was extremely pleased with you.
You visited 2 branches of the dungeon, and saw 15 of its levels.
You also visited: Ossuary.

You collected 614 gold pieces.

Inventory:

Hand Weapons
 P - a +3 falchion of freezing
 Y - the +6 falchion "Omizyush" (weapon) {heavy, +Blink rPois rF+}
   (You found it on level 10 of the Dungeon)

   rF:        It protects you from fire.
   rPois:     It protects you from poison.
   +Blink:    It lets you blink.
Missiles
 q - 5 javelins
 C - 10 boomerangs
Armour
 h - the +0 scale mail "Plog" {Will+}
   (You found it on level 7 of the Dungeon)

   Will:      It increases your willpower.
 p - a +0 kite shield (worn)
 r - a +1 hat of see invisible (worn)
 D - a +1 plate armour of positive energy
 G - a +1 pair of gloves (worn)
 I - a +1 cloak (worn)
 K - a +2 leather armour of cold resistance (worn)
 Q - a +3 leather armour
Jewellery
 a - an amulet of faith (around neck)
 b - a +6 ring of dexterity
 B - a ring of willpower
 E - a ring of protection from fire
 N - a ring of protection from cold (right hand)
 W - a +6 ring of intelligence (left hand)
Wands
 g - a wand of iceblast (36)
 x - a wand of mindburst (28)
 y - a wand of charming (4)
 M - a wand of flame (38)
 O - a wand of acid (20)
 S - a wand of polymorph (10)
Scrolls
 d - 3 scrolls of enchant weapon
 k - a scroll of summoning
 l - 2 scrolls of poison
 m - 2 scrolls of enchant armour
 u - 6 scrolls of teleportation
 z - a scroll of blinking
 X - 2 scrolls of fear
Potions
 c - 3 potions of attraction {unknown}
 e - 3 potions of resistance {unknown}
 f - a potion of cancellation {unknown}
 i - 3 potions of might {unknown}
 j - a potion of berserk rage {unknown}
 n - 4 potions of lignification {unknown}
 o - 3 potions of ambrosia {unknown}
 s - 4 potions of invisibility {unknown}
 v - 5 potions of mutation {unknown}
 w - 9 potions of curing
 A - 3 potions of degeneration {unknown}
 F - 4 potions of brilliance {unknown}
 H - 4 potions of magic {unknown}
 J - 2 potions of haste {unknown}
 L - 2 potions of heal wounds
 V - 2 potions of flight {unknown}
Miscellaneous
 T - a tin of tremorstones (2/2)


   Skills:
 * Level 9.7 Fighting
 * Level 1.6 Long Blades
 + Level 6.7 Armour
 - Level 7.5 Dodging
 - Level 6.2 Stealth
 + Level 6.5 Shields
 * Level 8.1 Spellcasting
 + Level 4.5 Invocations
 + Level 4.6 Evocations


You knew the following spells:

 Your Spells              Type           Power      Damage    Failure   Level
a - Magic Dart            Conj           100%       1d8       1%          1
b - Slow                  Hex            100%       N/A       1%          1
c - Blink                 Tloc           100%       N/A       1%          2
d - Call Imp              Summ           50%        N/A       1%          2
e - Mephitic Cloud        Conj/Pois/Air  50%        N/A       1%          3
f - Kiss of Death         Conj/Necr      100%       2d13      1%          1
g - Searing Ray           Conj           100%       2d8       1%          2
h - Lesser Beckoning      Tloc           100%       N/A       1%          2
i - Olgreb's Toxic Radia  Pois           50%        N/A       7%          4
j - Silence               Hex/Air        25%        N/A       19%         5
Your spell library was empty.

Dungeon Overview and Level Annotations

Branches:
Dungeon (14/15)            Temple (1/1) D:4            Lair (0/5) D:8
    Orc (0/2) D:9          Vaults (0/5) D:14        Ossuary (visited)

Altars:
Ashenzari
Cheibriados
Dithmenos
Elyvilon
Fedhas
Gozag
Hepliaklqana
Makhleb
Nemelex Xobeh
Okawaru
Qazlal
Ru
Trog
Uskayaw
Wu Jian
Xom
Yredelemnul
Zin
The Shining One

Shops:
D:1 !   D:10 =   D:12 *

Annotations:
D:12 3 runed translucent doors, sirJeffrey23's ghost, journeyman DrEE
D:13 Nessos


Innate Abilities, Weirdness & Mutations

You are immune to sickness and miasma.
You are immune to poison.
Your flesh is very heat resistant. (rF++)
You are vulnerable to cold. (rC-)
You float through the air rather than walking.
You learn spells naturally, not from books.
Your magical power is your life essence.
You have superior vitality. (+4 MHP)


Message History

The basilisk bites your cacodemon but does no damage.
Your cacodemon hits the basilisk. Your cacodemon misses the basilisk.
The cyclops hits you!
You hear the loud beating of a very distant drum.
The basilisk closely misses your cacodemon.
The ironbound preserver hits you with a +0 great mace!
Your cacodemon closely misses the basilisk.
Your cacodemon hits the basilisk!
The ironbound preserver hits you with a +0 great mace!
The death knight offers itself to Yredelemnul, and fills with unholy energy.
The basilisk gazes at you.
Your cacodemon resists with almost no effort.
Your cacodemon gestures at the basilisk.
The basilisk twists and deforms.
The cyclops hits you!
The death knight looks more healthy.
The death knight reflects your damage back at you!
The ironbound preserver hits you with a +0 great mace.
The basilisk gazes at your cacodemon.
Your cacodemon resists with almost no effort.
Your cacodemon gestures at the basilisk.
The basilisk twists and deforms.
The cyclops hits you!
The ironbound preserver hits your cacodemon with a +0 great mace!
The basilisk bites your cacodemon but does no damage.
Your cacodemon hits the ironbound preserver!
Your cacodemon hits the ironbound preserver.
The ironbound preserver looks more healthy.
The ironbound preserver hits you with a +0 great mace!!
* * * LOW HITPOINT WARNING * * *
The death knight hits you from afar with a +4 glaive!!
* * * LOW HITPOINT WARNING * * *
The basilisk gazes at your cacodemon.
Your cacodemon resists with almost no effort.
Your cacodemon closely misses the basilisk.
Your cacodemon hits the basilisk!
The basilisk dies!
Makhleb accepts your kill. The cyclops hits you!
* * * LOW HITPOINT WARNING * * *
The ironbound preserver hits you with a +0 great mace!!
You die...

#... #..# #######..#
#∩....#..# #.....#..#
#!....#..# #### #.....'..+
...# #.#####.....†2@+ ##.#.#
##...$.#######pC#######..#.#
.W<..W.......WpWW.....(..#..#
.##..#..W.p...W............#
#.....####++#..#######..##
.......# #..+ #.## #
..##....# #..+ #.# # .
......# #..# #.# # .##....#
#..# #.## #


You could see an ironbound preserver, a death knight (reflects damage), a
cyclops, 3 freezing wraiths, a wraith (sheltered) and a friendly cacodemon
(summoned).

Vanquished Creatures
  Erica (D:10)
  A centaur warrior (D:13)
  4 two-headed ogres
  4 ugly things
  A cyclops (D:11)
  2 gargoyles (D:12)
  An unseen horror (D:12)
  A rime drake (D:8)
  A tengu conjurer (D:13)
  2 trolls
  3 polar bears
  A hornet (D:7)
  A slime creature (D:12)
  3 wyverns
  14 yaks
  4 shadows
  A vampire (D:10)
  A steam dragon (D:9)
  Grum (D:9)
  2 vampire mosquitoes (D:12)
  A water moccasin (D:7)
  5 orc warriors
  5 ice beasts
  4 black bears
  2 ogres
  6 wolves
  6 centaurs
  An elf zombie (Ossuary)
  2 kobold brigands
  2 gnoll sergeants
  A scorpion (D:5)
  4 bullfrogs
  3 necrophages
  5 wights (D:9)
  3 killer bees (D:9)
  6 howler monkeys
  2 electric eels (D:7)
  2 centaur zombies (Ossuary)
  2 orc priests
  2 jellies
  2 gnoll boudas
  6 hounds
  3 iguanas
  16 orc wizards
  Robin (D:3)
  26 gnolls
  6 adders
  A shadow imp (D:5)
  A white imp (D:7)
  An adder zombie (Ossuary)
  A dart slug (D:2)
  34 orcs
  3 ball pythons
  8 bats
  7 endoplasms
  A giant cockroach (D:4)
  11 goblins
  8 hobgoblins
  4 jackals (D:3)
  2 quokkas
  4 frilled lizards
  12 hobgoblin zombies (Ossuary)
  3 jackal zombies (Ossuary)
  16 kobolds
  5 kobold zombies (Ossuary)
  6 orc zombies (Ossuary)
  4 rats
  3 rat zombies (Ossuary)
308 creatures vanquished.

Vanquished Creatures (collateral kills)
  A kobold demonologist (D:13)
  3 slime creatures (D:11)
  A basilisk (D:14)
  An ice beast (D:7)
  A gnoll sergeant (D:11)
  A killer bee (D:9)
  A howler monkey (D:6)
  A jelly (D:7)
  2 hounds
  An iguana (D:5)
  2 mummies (Ossuary)
  An adder (D:5)
  A white imp (D:7)
  A worm (D:2)
  6 orcs
  A quokka (D:5)
  A hobgoblin zombie (Ossuary)
  A jackal zombie (Ossuary)
  A kobold (D:4)
  A kobold zombie (Ossuary)
29 creatures vanquished.

Vanquished Creatures (others)
  8 plants (D:4)
8 creatures vanquished.

Grand Total: 345 creatures vanquished

Notes
Turn   | Place    | Note
-------+----------+-------------------------------------------
     0 | D:1      | javelincjr the Djinni Hedge Wizard began the quest for the
                  | Orb.
     0 | D:1      | javelincjr set off with the following spells memorised:
                  | Magic Dart, Slow, Blink, Call Imp, Mephitic Cloud.
     0 | D:1      | Reached XP level 1. HP: 15/15 MP: 0/0
    89 | D:1      | Reached XP level 2. HP: 17/21 MP: 0/0
   581 | D:1      | Found Sueq's Distillery.
   626 | D:1      | Reached XP level 3. HP: 25/26 MP: 0/0
   626 | D:1      | Learned a level 1 spell: Kiss of Death
   944 | D:2      | Found a broken altar of Ashenzari.
  1662 | D:3      | Reached skill level 1 in Fighting
  1674 | D:3      | Reached XP level 4. HP: 16/28 MP: 0/0
  2241 | D:3      | Noticed Robin
  2271 | D:3      | Killed Robin
  2512 | D:4      | Noticed a black bear
  2514 | D:4      | Noticed a black bear
  2536 | D:4      | Killed a black bear
  2537 | D:4      | Reached skill level 2 in Fighting
  2537 | D:4      | Reached skill level 1 in Armour
  2537 | D:4      | Reached skill level 1 in Shields
  2537 | D:4      | Reached XP level 5. HP: 19/38 MP: 0/0
  2537 | D:4      | Learned a level 2 spell: Searing Ray
  2556 | D:4      | Killed a black bear
  2557 | D:4      | Reached XP level 6. HP: 18/45 MP: 0/0
  2907 | D:4      | Found a staircase to the Ecumenical Temple.
  2913 | Temple   | Entered the Ecumenical Temple
  2932 | Temple   | Became a worshipper of Makhleb the Destroyer
  3033 | D:4      | Found an opulent altar of Gozag.
  3070 | D:4      | Found a blossoming altar of Fedhas.
  3327 | D:5      | Entered Level 5 of the Dungeon
  3369 | D:5      | Reached XP level 7. HP: 25/49 MP: 0/0
  3369 | D:5      | Learned a level 2 spell: Lesser Beckoning
  3445 | D:5      | Reached skill level 3 in Fighting
  3482 | D:5      | Found a sand-covered staircase.
  3489 | Ossuary  | Entered an ossuary
  3610 | Ossuary  | Reached * piety under Makhleb
  3840 | Ossuary  | Reached XP level 8. HP: 48/57 MP: 0/0
  4088 | D:5      | Found a snail-covered altar of Cheibriados.
  4098 | D:5      | Reached skill level 4 in Fighting
  4103 | D:5      | Reached ** piety under Makhleb
  5139 | D:6      | Reached XP level 9. HP: 39/64 MP: 0/0
  5139 | D:6      | Learned a level 4 spell: Olgreb's Toxic Radiance
  5443 | D:6      | Reached skill level 5 in Spellcasting
  5451 | D:6      | Reached skill level 5 in Fighting
  5772 | D:6      | Reached *** piety under Makhleb
  6827 | D:7      | Reached skill level 5 in Dodging
  6977 | D:7      | Reached skill level 6 in Fighting
  7088 | D:7      | Noticed a hornet
  7095 | D:7      | Killed a hornet
  7123 | D:7      | Reached XP level 10. HP: 23/72 MP: 0/0
  7392 | D:7      | Identified the +0 scale mail "Plog" {Will+}
  7606 | D:7      | Noticed a kobold demonologist
  7677 | D:7      | You are sucked into a shaft and drop 2 floors!
  7680 | D:9      | Found a staircase to the Orcish Mines.
  7700 | D:9      | Noticed a two-headed ogre
  7830 | D:9      | Reached **** piety under Makhleb
  8398 | D:9      | Reached skill level 7 in Fighting
  8398 | D:9      | Reached skill level 1 in Evocations
  8400 | D:9      | Reached skill level 1 in Invocations
  8433 | D:9      | Reached skill level 5 in Armour
  8751 | D:9      | Killed a two-headed ogre
  8752 | D:9      | Reached skill level 5 in Stealth
  8794 | D:9      | Noticed Grum
  8809 | D:9      | Reached XP level 11. HP: 28/79 MP: 0/0
  8809 | D:9      | Learned a level 5 spell: Silence
  8809 | D:9      | Killed Grum
  8984 | D:9      | Found a glowing golden altar of the Shining One.
  8984 | D:9      | Found a glowing silver altar of Zin.
  8984 | D:9      | Found a white marble altar of Elyvilon.
  9280 | D:10     | Entered Level 10 of the Dungeon
  9352 | D:10     | Reached skill level 5 in Shields
  9582 | D:10     | Noticed a two-headed ogre
  9618 | D:10     | Killed a two-headed ogre
  9794 | D:10     | Reached skill level 8 in Fighting
 10062 | D:10     | Found Zaulounk's Jewellery Boutique.
 10076 | D:10     | Noticed Erica
 10085 | D:10     | Killed Erica
 10186 | D:10     | Identified the +6 falchion "Omizyush" {heavy, +Blink rPois
                  | rF+}
 10490 | D:8      | Reached ***** piety under Makhleb
 10681 | D:8      | Found a staircase to the Lair.
 12290 | D:11     | Noticed a cyclops
 12310 | D:11     | Killed a cyclops
 12311 | D:11     | Reached XP level 12. HP: 61/86 MP: 0/0
 12534 | D:11     | Noticed a two-headed ogre
 12553 | D:11     | Killed a two-headed ogre
 13089 | D:12     | Noticed a two-headed ogre
 13497 | D:12     | Reached skill level 9 in Fighting
 13555 | D:12     | Killed a two-headed ogre
 13743 | D:12     | Found a bloodstained altar of Trog.
 14901 | D:12     | Found a runed translucent gate.
 14901 | D:12     | Found a runed translucent gate.
 14903 | D:12     | Found an opulent altar of Gozag.
 14903 | D:12     | Noticed a deep troll earth mage
 14905 | D:12     | Found a runed translucent gate.
 14906 | D:12     | Noticed a centaur warrior
 14906 | D:12     | Noticed sirJeffrey23's ghost (journeyman DrEE)
 14907 | D:12     | Found Xuoqadgh's Assorted Antiques.
 15140 | D:12     | Noticed a skyshark
 15787 | D:13     | Noticed Nessos
 15798 | D:13     | HP: 3/90 [Nessos/arrow (19)]
 16182 | D:13     | Noticed a centaur warrior
 16193 | D:13     | Killed a centaur warrior
 16194 | D:13     | Reached skill level 1 in Long Blades
 16449 | D:14     | Noticed a skeletal warrior
 16450 | D:14     | Found an iron altar of Okawaru.
 16450 | D:14     | Noticed a skeletal warrior
 16450 | D:14     | Noticed a skeletal warrior
 16453 | D:14     | Noticed a skeletal warrior
 16456 | D:14     | Noticed a skeletal warrior
 16655 | D:14     | Found a gate to the Vaults.
 16655 | D:14     | Noticed an ironbound preserver
 16659 | D:14     | Noticed a death knight
 16675 | D:14     | Slain by an ironbound preserver

Illustrated notes

Levels and vault maps discovered:
D:1:      erik_arrival_orb_chamber, layout_rooms, serial_shops,
          nicolae_shop_trees
D:2:      layout_loops_cross, basic_altar, grunt_ministairs_9
D:3:      layout_loops_ring, uniq_robin
D:4:      layout_rooms, mainiacjoe_overflow_two_lobes,
          minmay_temple_entry_trees, chequers_big_river, wad_floor_pattern_1,
          minmay_splitting_lines, serial_bayou_crossing
D:5:      minmay_diamond_boxcup, layout_basic, mainiacjoe_overflow_alcove_4,
          kennysheep_orc_sif_temple, chequers_ossuary_entry_cave
D:6:      layout_cave_pools, kennysheep_generic_room_6
D:7:      layout_loops_cross, kennysheep_cross_room, grunt_ministairs_10,
          lightli_corner_chamber
D:8:      layout_layer_cave, hellmonk_lair_entry_icy,
          nicolae_concentric_dashed_squares_mild
D:9:      layout_long_grid, dreamdust_divine_triumvirate, erik_orc_3,
          minmay_hedge_maze, uniq_grum
D:10:     layout_loops_cross, serial_shops, nicolae_shop_crystal, uniq_erica
D:11:     nicolae_cairo_tiling_very_big, layout_long_grid, serial_park_tiny_1
D:12:     layout_basic, ebering_ghost_gozag, trog_ov_bears_minmay
D:13:     layout_roguey, uniq_nessos
D:14:     layout_loops_cross, skrybe_vaults_entry_preservation,
          gauntlet_entry_generic, okawaru_metal_pillars_3, zin_scriptorium
Temple:   hellmonk_temple_two_chambers

Skill      XL: |  1  2  3  4  5  6  7  8  9 10 11 12 |
---------------+-------------------------------------+-----
Spellcasting   | 3 4 5 6 7 8 |  8.1
Fighting       | 1 2 3 4 6 7 8 9 |  9.7
Stealth        | 2 3 4 5 6 |  6.2
Armour         | 1 2 3 4 5 6 |  6.7
Shields        | 1 2 3 4 5 6 |  6.5
Dodging        | 3 4 5 6 7 |  7.5
Evocations     | 2 3 4 |  4.6
Invocations    | 2 3 4 |  4.5
Long Blades    | 1 |  1.6

Action                     |  1- 3 |  4- 6 |  7- 9 | 10-12 || total
---------------------------+-------+-------+-------+-------++-------
  Melee: Dagger            |    14 |    25 |   101 |    21 ||   161
         Punch             |       |     1 |     2 |     1 ||     4
         Falchion          |       |       |       |   148 ||   148
   Cast: Magic Dart        |    74 |    98 |   130 |    35 ||   337
         Call Imp          |     2 |     4 |    26 |    68 ||   100
         Slow              |     2 |     3 |     8 |     8 ||    21
         Mephitic Cloud    |     1 |     5 |     5 |    17 ||    28
         Blink             |     1 |     1 |     3 |    11 ||    16
         Kiss of Death     |     1 |       |       |     2 ||     3
         Searing Ray       |       |     2 |    30 |    45 ||    77
         Olgreb's Toxic Ra |       |       |    26 |    83 ||   109
 Invoke: Lesser Servant of |       |       |       |     2 ||     2
         Minor Destruction |       |       |       |     1 ||     1
         Greater Servant o |       |       |       |     1 ||     1
    Use: Scroll            |       |     4 |     3 |     7 ||    14
         Potion            |       |       |     1 |     2 ||     3
   Stab: Confused          |     2 |       |       |     5 ||     7
         Distracted        |       |       |     1 |       ||     1
         Sleeping          |       |       |       |     2 ||     2
 Armour: Robe              |     7 |    12 |    67 |       ||    86
         Leather armour    |       |       |     9 |   116 ||   125
  Dodge: Dodged            |    16 |    24 |   145 |   206 ||   391
  Block: Kite shield       |       |       |     2 |   103 ||   105

Table legend: (Time is in decaauts)
 A = Elapsed time spent in this place.
 B = Non-inter-level travel time spent in this place.
 C = Inter-level travel time spent in this place.
 D = Time resting spent in this place.
 E = Time spent auto-exploring this place.
 F = Levels seen in this place.
 G = Mean time per level.
                   A        B        C        D        E       F      G
               +--------+--------+--------+--------+--------+-----+--------+
         Total |  16806 |  16170 |    636 |   3821 |   8495 |  16 | 1050.4 |
       Dungeon |  16271 |  15637 |    634 |   3686 |   8461 |  14 | 1162.2 |
        Temple |     30 |     28 |      2 |      0 |     10 |   1 |   30.0 |
       Ossuary |    503 |    503 |      0 |    135 |     24 |   1 |  503.0 |
               +--------+--------+--------+--------+--------+-----+--------+

Top non-repeatable levels by time:
     D:7: 1768 daAuts
     D:9: 1652 daAuts
     D:5: 1643 daAuts
    D:11: 1421 daAuts
    D:12: 1400 daAuts
    D:10: 1292 daAuts
    D:13: 1249 daAuts
     D:6: 1154 daAuts
     D:8: 1149 daAuts
     D:3: 1003 daAuts
     D:4: 850 daAuts
     D:2: 760 daAuts
     D:1: 683 daAuts
 Ossuary: 503 daAuts
    D:14: 241 daAuts
